 Dungeon Crawl Stone Soup version 0.32-a0-43-g058985b245 (webtiles) character file.

Game seed: 12454679150828348276

212 MirrorBreaker the Magician (level 5, 0/35 HPs)
             Began as a Mummy Summoner on Feb 4, 2024.
             Slain by Duvessa
             ... wielding a +1 rapier of draining
              (15 damage)
             ... on level 4 of the Dungeon.
             The game lasted 00:08:55 (3815 turns).

MirrorBreaker the Magician (Mummy Summoner)         Turns: 3815, Time: 00:08:56

Health: 0/35       AC:  2    Str: 11    XL:     5   Next: 58%
Magic:  7/12       EV: 12    Int: 16    God:
Gold:   130        SH:  0    Dex: 13    Spells: 6/14 levels left

rFire   x . .        n - +0 dagger (drain)
rCold   + . .        (no shield)
rNeg    + + +        a - +0 robe
rPois   ∞            (no helmet)
rElec   .            (no cloak)
rCorr   .            (no gloves)
SInv    .            (no boots)
Will    +....        (no amulet)
Stlth   ++           f - ring of willpower
HPRegen 0.25/turn    (no ring)
MPRegen 0.13/turn

%: faith
@: unable to call your familiar
A: cold resistance 1, negative energy resistance 3, torment resistance 2, heat
vulnerability 1, in touch with death 1, no potions, faith
a: no special abilities


You were on level 4 of the Dungeon.
You visited 1 branch of the dungeon, and saw 4 of its levels.

You collected 130 gold pieces.

Inventory:

Hand Weapons
 n - a +0 dagger of draining (weapon)
Armour
 a - a +0 robe (worn)
 p - a +0 pair of boots
Jewellery
 f - a ring of willpower (left hand)
 G - an amulet of guardian spirit
 I - a +6 ring of intelligence
Scrolls
 b - 2 scrolls of butterflies {unknown}
 c - a scroll of poison
 d - 5 scrolls of identify {unknown}
 e - a scroll of fear {unknown}
 g - 2 scrolls of enchant weapon {unknown}
 h - a scroll of vulnerability {unknown}
 i - 4 scrolls of noise {unknown}
 j - a scroll of amnesia {unknown}
 k - 3 scrolls of teleportation {unknown}
 l - a scroll of immolation {unknown}
 m - a scroll of torment {unknown}
 o - a scroll of enchant armour {unknown}


   Skills:
 - Level 1.5 Dodging
 - Level 1.5 Stealth
 + Level 5.1 Spellcasting
 + Level 4.4 Summonings
 + Level 1.5 Air Magic


You had 6 spell levels left.
You knew the following spells:

 Your Spells              Type           Power      Damage    Failure   Level
c - Call Canine Familiar  Summ           18%        N/A       8%          3
l - Summon Lightning Spi  Summ/Air       13%        N/A       41%         4
s - Summon Small Mammal   Summ           72%        N/A       2%          1

Your spell library contained the following spells:

 Spells                   Type           Power      Damage    Failure   Level
 Call Imp                 Summ           36%        N/A       3%          2
 Freeze                   Ice            16%        1d4       16%         1
 Frozen Ramparts          Ice            8%         1d2       41%         3
 Hailstorm                Conj/Ice       4%         3d5       41%         3
 Summon Blazeheart Golem  Fire/Summ      11%        N/A       52%         4
 Summon Hydra             Summ           9%         N/A       100%        7
 Sublimation of Blood     Necr           Unusable   N/A       N/A         2

Dungeon Overview and Level Annotations

Branches:
Dungeon (4/15)
 Temple: D:4-7

Altars:

Annotations:
D:4 Dowan, Duvessa


Innate Abilities, Weirdness & Mutations

You are immune to poison.
Your flesh is cold resistant. (rC+)
You are immune to negative energy. (rN+++)
You are immune to unholy pain and torment.
You are vulnerable to heat. (rF-)
You are in touch with the powers of death.
You do not drink.
You have a special connection with the divine. (Faith)


Message History

You barely miss Duvessa.
Your bat hits Duvessa but does no damage.
Duvessa hits you with a +1 rapier of draining.
Your inugami barely misses Duvessa.
Your bat barely misses Duvessa.
Your rat bites Duvessa but does no damage.
Unknown command.
You barely miss Duvessa.
Your bat hits Duvessa but does no damage.
Your bat barely misses Duvessa.
Duvessa misses you.
Dowan generates a fountain of clear water, and laughs cruelly.
Dowan gestures at you while chanting. The puff of flame hits you!
The fire burns you terribly!
* * * LOW HITPOINT WARNING * * *
Your inugami hits Duvessa.
Your bat closely misses Duvessa.
Your rat bites Duvessa but does no damage.
Unknown command.
Your bat closely misses Duvessa.
Your bat hits Duvessa but does no damage.
Your bat closely misses Dowan.
Your rat barely misses Duvessa.
Your bat hits Dowan but does no damage. x2; Dowan closely misses your rat.
Your bat closely misses Dowan.
Your rat bites Duvessa but does no damage.
Your inugami hits Duvessa.
Unknown command.
Your bat completely misses Dowan.
Your bat closely misses Dowan.
Dowan hits your rat with a +4 dagger of speed!
Your rat dies!
Your rat's corpse disappears in a puff of smoke!
Duvessa closely misses your inugami.
Your bat hits Dowan but does no damage. Your inugami hits Duvessa.
Duvessa hits your inugami with a +1 rapier of draining.
Dowan hits your bat with a +4 dagger of speed.
Your bat dies!
Your bat's corpse disappears in a puff of smoke!
Your inugami barely misses Duvessa.
Casting: Summon Small Mammal (safe; 2% risk of failure)
Confirm with . or Enter, or press ? or * to list all spells.
Duvessa hits your inugami with a +1 rapier of draining!
Your inugami dies!
Your inugami disappears in a puff of smoke!
Casting: Summon Small Mammal (safe; 2% risk of failure)
Confirm with . or Enter, or press ? or * to list all spells.
Dowan barely misses your bat. x2; Your bat hits Dowan but does no damage.
Your bat hits Dowan.
Dowan hits your bat with a +4 dagger of speed.
Your bat dies!
Your bat's corpse disappears in a puff of smoke!
Duvessa attacks as she pursues you!
Duvessa hits you with a +1 rapier of draining!
You die...

# #......# .. ###......#
.# ####
.........####+#.##...##.
###.##.......)...'.....
#.##.........###...###
#.##........<)).......
#.##........e##....#
#.##.......r.##....#
#.##.........e@....#
#.##...............#
#..................#
#......%...........#
#...#.#######......#
###...#.# #......#
...[###.# ######## #####
#.# #.#


You could see Duvessa (ally target) and a friendly rat (summoned).

Vanquished Creatures
  3 adders
  An orc (D:4)
  3 ball pythons
  2 endoplasms
  A giant cockroach (D:2)
  3 goblins
  A hobgoblin (D:3)
  A quokka (D:3)
  2 bats
  A kobold (D:3)
  3 rats
21 creatures vanquished.

Vanquished Creatures (collateral kills)
  Blork the orc (D:4)
  5 adders
  A ribbon worm (D:4)
  2 dart slugs
  2 orcs (D:4)
  3 endoplasms
  A giant cockroach (D:1)
  5 hobgoblins
  4 quokkas
  3 ball pythons
  4 frilled lizards
  7 goblins
  3 kobolds
  8 rats
49 creatures vanquished.

Grand Total: 70 creatures vanquished

Notes
Turn   | Place    | Note
-------+----------+-------------------------------------------
     0 | D:1      | MirrorBreaker the Mummy Summoner began the quest for the
                  | Orb.
     0 | D:1      | Reached XP level 1. HP: 13/13 MP: 4/4
   191 | D:1      | Reached skill level 3 in Spellcasting
   274 | D:1      | Reached XP level 2. HP: 19/19 MP: 4/6
   307 | D:1      | Found a faded altar of an unknown god.
  1287 | D:2      | Reached XP level 3. HP: 24/24 MP: 5/8
  1763 | D:2      | Reached skill level 4 in Spellcasting
  1893 | D:2      | Learned a level 3 spell: Call Canine Familiar
  2196 | D:3      | Reached XP level 4. HP: 30/30 MP: 7/10
  2239 | D:3      | Learned a level 4 spell: Summon Lightning Spire
  3287 | D:4      | Noticed Duvessa
  3287 | D:4      | Noticed Dowan
  3288 | D:4      | Noticed a nameless horror
  3509 | D:4      | Noticed Blork the orc
  3540 | D:4      | Killed Blork the orc
  3541 | D:4      | Reached skill level 5 in Spellcasting
  3541 | D:4      | Reached skill level 1 in Air Magic
  3541 | D:4      | Reached XP level 5. HP: 18/35 MP: 4/12
  3815 | D:4      | Slain by Duvessa

Illustrated notes

Levels and vault maps discovered:
D:1:      dpeg_arrival_central, layout_loops_ring,
          dreamdust_ecumenical_altar_hidden_monk_grotto, minmay_tetromino_s4
D:2:      layout_basic, basic_altar
D:3:      layout_loops_ring, gup_sewer_entry_bubbles, kennysheep_nondescript,
          minmay_fountain_box, saegor_snake_ambush
D:4:      layout_basic, ebering_ghost_sewer_d, uniq_duvessa, uniq_natasha,
          uniq_blork_the_orc

Skill      XL: |  1  2  3  4 |
---------------+-------------+-----
Spellcasting   | 3 4 5 |  5.1
Summonings     | 4 |  4.4
Air Magic      | 1 |  1.5
Dodging        | |  1.5
Stealth        | |  1.5

Action                     |  1- 3 |  4- 6 || total
---------------------------+-------+-------++-------
  Melee: Unarmed           |    79 |     2 ||    81
         Dagger            |       |    35 ||    35
   Cast: Summon Small Mamm |    66 |    24 ||    90
         Call Canine Famil |     2 |    14 ||    16
    Use: Scroll            |       |     1 ||     1
   Stab: Sleeping          |     3 |     1 ||     4
         Distracted        |     1 |       ||     1
 Armour: Robe              |    42 |    26 ||    68
  Dodge: Dodged            |    61 |    39 ||   100

Table legend: (Time is in decaauts)
 A = Elapsed time spent in this place.
 B = Non-inter-level travel time spent in this place.
 C = Inter-level travel time spent in this place.
 D = Time resting spent in this place.
 E = Time spent auto-exploring this place.
 F = Levels seen in this place.
 G = Mean time per level.
                   A        B        C        D        E       F      G
               +--------+--------+--------+--------+--------+-----+--------+
         Total |   3867 |   3442 |    425 |     67 |   2650 |   4 |  966.8 |
       Dungeon |   3867 |   3442 |    425 |     67 |   2650 |   4 |  966.8 |
               +--------+--------+--------+--------+--------+-----+--------+

Top non-repeatable levels by time:
     D:3: 1509 daAuts
     D:1: 1190 daAuts
     D:2: 820 daAuts
     D:4: 348 daAuts
